 Dungeon Crawl Stone Soup version 0.32-a0-913-g739538afd8 (webtiles) character file.

Game seed: 6804565415428828081

97 Doorstop00 the Covered (level 4, -5/29 HPs)
             Began as a Gargoyle Fighter on Apr 8, 2024.
             Killed by divine providence
             ... invoked by an orc priest
              (7 damage)
             ... on level 3 of the Dungeon.
             The game lasted 00:04:49 (1448 turns).

Doorstop00 the Covered (Gargoyle Fighter)           Turns: 1448, Time: 00:04:50

Health: -5/29      AC: 13    Str: 28    XL:     4   Next: 68%
Magic:  4/4        EV:  7    Int:  8    God:
Gold:   121        SH:  0    Dex:  9    Spells: 3/3 levels left

rFire   . . .        a - +0 flail
rCold   . . .        c - +0 buckler
rNeg    + . .        f - +0 chain mail
rPois   ∞            (no helmet)
rElec   +            (no cloak)
rCorr   .            (no gloves)
SInv    .            (no boots)
Will    .....        (no amulet) Stlth
                     k - +6 ring of strength
HPRegen 0.24/turn    (no ring)
MPRegen 0.09/turn

%: no passive effects
@: confused
A: sickness immunity, AC +3, negative energy resistance 1, electricity
resistance, torment resistance 1, petrification resistance
a: Convert to Beogh


You were on level 3 of the Dungeon.
You visited 1 branch of the dungeon, and saw 3 of its levels.

You collected 121 gold pieces.

Inventory:

Hand Weapons
 a - a +0 flail (weapon)
Armour
 c - a +0 buckler (worn)
 f - a +0 chain mail (worn)
Jewellery
 k - a +6 ring of strength (left hand)
 n - a +4 ring of slaying
Scrolls
 j - a scroll of teleportation {unknown}
Potions
 b - a potion of curing
 d - a potion of might
 e - a potion of resistance {unknown}
 g - a potion of brilliance {unknown}
 h - a potion of ambrosia {unknown}
 i - a potion of haste {unknown}
 l - a potion of magic {unknown}
 m - a potion of degeneration {unknown}


   Skills:
 * Level 3.7 Fighting
 * Level 3.2 Maces & Flails
 * Level 4.1 Armour
 * Level 0.7 Dodging
 * Level 3.7 Shields


You had 3 spell levels left.
You didn't know any spells.
Your spell library contained the following spells:

 Spells                   Type           Power      Damage    Failure   Level
 Call Canine Familiar     Summ           0%         N/A       100%        3
 Sigil of Binding         Hex            0%         N/A       100%        3
 Tukima's Dance           Hex            0%         N/A       100%        3
 Dimensional Bullseye     Hex/Tloc       0%         N/A       100%        4
 Leda's Liquefaction      Alch/Erth      0%         N/A       100%        4
 Passage of Golubria      Tloc           0%         N/A       100%        4
 Petrify                  Alch/Erth      0%         N/A       100%        4
 Metabolic Englaciation   Hex/Ice        0%         N/A       100%        5
 Yara's Violent Unravell  Hex/Alch       0%         3d3       100%        5


Dungeon Overview and Level Annotations

Branches:
Dungeon (3/15)

Altars:


Innate Abilities, Weirdness & Mutations

You are immune to sickness and miasma.
Your stone body is resilient. (AC +3)
You are immune to poison.
You resist negative energy. (rN+)
You are resistant to electric shocks. (rElec)
You are resistant to unholy torment.
You are immune to petrification.


Message History

You open the door.
An orc priest, an orc and an orc wizard come into view.
The orc shouts!
The orc wizard shouts!
The orc priest calls down the wrath of Beogh upon you.
Pain shoots through your body! The orc priest barely misses you.
The orc priest hits you from afar with a +0 trident.
The orc priest calls down the wrath of Beogh upon you.
Beogh smites you!
The orc priest threatens, "Beogh's wrath is as vast as their mercy.
Make your choice!" (press Y on the ability menu to convert to Beogh)
An adder comes into view.
The orc wizard barely misses you.
The orc priest threatens, "Beogh's wrath is as vast as their mercy.
Make your choice!"
The orc priest hits you from afar with a +0 trident.
The adder hisses angrily.
You hit the orc wizard.
The orc wizard is moderately wounded.
The orc wizard closely misses you. You block the orc priest's attack.
You closely miss the orc wizard.
The orc wizard is moderately wounded.
The orc wizard hits you but does no damage.
The orc priest hits you from afar with a +0 trident.
You closely miss the orc wizard.
The orc wizard is moderately wounded.
The orc wizard hits you but does no damage.
The orc priest hits you but does no damage.
You hit the orc wizard.
The orc wizard is severely wounded.
The orc wizard gestures at you while chanting.
You are confused.
The orc priest invokes the aid of Beogh against you.
Beogh smites you!
* * * LOW HITPOINT WARNING * * *
The orc priest calls upon Beogh to heal the orc wizard.
The orc wizard is healed somewhat.
You bump into the rock wall.
The orc wizard barely misses you.
The orc priest invokes the aid of Beogh against you.
Beogh smites you!
You die...

###
##<##
#...#
#.⌠.#
#@..#
##o##
#S#


oo. #.⌠.# ....# .....# .....# ......# You could see an orc priest, an orc wizard
and an adder.

Vanquished Creatures
  4 adders (D:2)
  A dart slug (D:1)
  A ribbon worm (D:2)
  7 ball pythons
  An endoplasm (D:1)
  3 giant cockroaches
  4 goblins
  11 hobgoblins
  3 jackals (D:1)
  A quokka (D:1)
  4 bats
  3 frilled lizards (D:1)
  6 kobolds
  6 rats
55 creatures vanquished.

Notes
Turn   | Place    | Note
-------+----------+-------------------------------------------
     0 | D:1      | Doorstop00 the Gargoyle Fighter began the quest for the
                  | Orb.
     0 | D:1      | Reached XP level 1. HP: 14/14 MP: 1/1
    45 | D:1      | Reached XP level 2. HP: 4/19 MP: 2/2
   545 | D:1      | Reached XP level 3. HP: 23/23 MP: 3/3
  1084 | D:2      | Reached skill level 4 in Armour
  1131 | D:2      | Reached XP level 4. HP: 28/29 MP: 4/4
  1446 | D:3      | HP: 1/29 [orc priest/divine providence (14)]
  1448 | D:3      | Killed from afar by an orc priest

Illustrated notes

Levels and vault maps discovered:
D:1:      psy_arrival_whirlpool, layout_basic
D:2:      layout_rooms, st_stairs_1
D:3:      minmay_bubble_buster, layout_rooms,
          nicolae_dithmenos_through_a_glass_darkly,
          gammafunk_temple_overflow_statue,
          hellmonk_ecumenical_altar_defaced_shrine, grunt_ministairs_4

Skill      XL: |  1  2  3  4 |
---------------+-------------+-----
Armour         | 4 |  4.1
Maces & Flails | 3 |  3.2
Fighting       | |  3.7
Dodging        | |  0.7
Shields        | |  3.7

Action                     |  1- 3 |  4- 6 || total
---------------------------+-------+-------++-------
  Melee: Flail             |   136 |    47 ||   183
    Use: Scroll            |     3 |       ||     3
 Armour: Scale mail        |    36 |       ||    36
         Chain mail        |   140 |    31 ||   171
  Dodge: Dodged            |    91 |    26 ||   117
  Block: Buckler           |    45 |     8 ||    53

Table legend: (Time is in decaauts)
 A = Elapsed time spent in this place.
 B = Non-inter-level travel time spent in this place.
 C = Inter-level travel time spent in this place.
 D = Time resting spent in this place.
 E = Time spent auto-exploring this place.
 F = Levels seen in this place.
 G = Mean time per level.
                   A        B        C        D        E       F      G
               +--------+--------+--------+--------+--------+-----+--------+
         Total |   1505 |   1475 |     30 |     85 |    870 |   3 |  501.7 |
       Dungeon |   1505 |   1475 |     30 |     85 |    870 |   3 |  501.7 |
               +--------+--------+--------+--------+--------+-----+--------+

Top non-repeatable levels by time:
     D:1: 972 daAuts
     D:2: 515 daAuts
     D:3: 17 daAuts
